 Dungeon Crawl Stone Soup version 0.24-a0-581-gc0fa6600bf (webtiles) character file.

Game seed: 15957251583497952750

144 Mithandil the Conjurer (level 5, -7/40 HPs)
             Began as a Draconian Conjurer on Aug 24, 2019.
             Mangled by Natasha (10 damage)
             ... on level 3 of the Dungeon.
             The game lasted 00:14:47 (2529 turns).

Mithandil the Conjurer (Draconian Conjurer)         Turns: 2529, Time: 00:14:47

Health: -7/40      AC:  6    Str: 11    XL:     5   Next: 5%
Magic:  0/9        EV: 12    Int: 16    God:
Gold:   89         SH:  0    Dex: 11    Spells: 6/9 levels left

rFire    . . .     SeeInvis .   a - +0 falchion
rCold    . . .     Gourm    .   (no shield)
rNeg     . . .     Faith    .   (armour unavailable)
rPois    .         Spirit   .   (helmet restricted)
rElec    .         Reflect  .   (no cloak)
rCorr    .         Harm     .   (no gloves)
MR       .....                  e - +0 pair of boots
Stlth    ++........             (no amulet)
HPRegen  0.13/turn              (no ring)
MPRegen  0.11/turn              (no ring)

@: slowed, very slow
A: unfitting armour, cold-blooded, AC +5
a: no special abilities


You were on level 3 of the Dungeon.
You were not hungry.

You visited 1 branch of the dungeon, and saw 4 of its levels.

You collected 89 gold pieces.

Inventory:

Hand Weapons
 a - a +0 falchion (weapon)
 b - a +0 hand axe
Missiles
 d - 24 arrows
 m - 98 stones (quivered)
 p - 22 sling bullets
Armour
 e - a +0 pair of boots (worn)
Scrolls
 c - a scroll of amnesia {unknown}
 f - a scroll of immolation {unknown}
 h - 2 scrolls of enchant weapon {unknown}
 i - a scroll of identify {unknown}
 k - a scroll of blinking {unknown}
 o - a scroll of enchant armour {unknown}
 q - a scroll of teleportation {unknown}
Potions
 l - a potion of degeneration {unknown}
 n - a potion of curing {unknown}
Comestibles
 g - 2 chunks of flesh
 j - 5 rations


   Skills:
 + Level 1.2 Fighting
 + Level 2.4 Dodging
 + Level 2.4 Stealth
 - Level 1.0 Unarmed Combat
 * Level 2.9 Spellcasting
 * Level 4.8 Conjurations


You had 6 spell levels left.
You knew the following spells:

 Your Spells              Type           Power        Failure   Level  Hunger
a - Magic Dart            Conj           ###.         2%          1    #......
b - Searing Ray           Conj           ###...       3%          2    ##.....

Your spell library contained the following spells:

 Spells                   Type           Power        Failure   Level  Hunger
 Dazzling Spray           Conj/Hex       ##....       22%         3    ###....
 Iskenderun's Mystic Bla  Conj           ###.....     26%         4    #####..
 Force Lance              Conj/Tloc      ##......     56%         4    #####..
 Fulminant Prism          Conj/Hex       ##........   56%         4    #####..


Dungeon Overview and Level Annotations

Branches:
Dungeon (4/15)
 Temple: D:4-7

Altars:

Annotations:
D:3 Natasha


Innate Abilities, Weirdness & Mutations

Your plain brown scales are hard. (AC +5)
You cannot fit into any form of body armour.
You are cold-blooded and may be slowed by cold attacks.


Message History

The crimson imp barely misses you.
You closely miss Natasha.
Natasha is moderately wounded.
Natasha barely misses you.
You riposte.
You hit Natasha.
Natasha is moderately wounded.
The iron imp barely misses you.
You riposte.
You completely miss the iron imp.
You tail-slap the iron imp, but do no damage.
The crimson imp hits you.
* * * LOW HITPOINT WARNING * * *
Natasha barely misses you. The crimson imp barely misses you.
You riposte.
You hit the crimson imp.
The crimson imp is moderately wounded.
The iron imp hits you!
* * * LOW HITPOINT WARNING * * *
Some of the chunks of flesh in your inventory have rotted away.
You closely miss Natasha.
Your tail-slap misses Natasha.
Natasha is moderately wounded.
The iron imp disappears in a puff of smoke!
Natasha claws you!
You die...

#################
................#
###############.#
# #.######## #
##5........ #
#..@.......
+.ยง.h.)....
#..........
##.....#..#
....!.# .#
##'##..# # .. ..#
.. ..#


You could see Natasha and a crimson imp.

Vanquished Creatures
  Terence (D:2)
  A hound skeleton (D:4)
  Robin (D:2)
  2 adders
  An ooze (D:2)
  4 dart slugs
  3 orcs (D:3)
  5 giant cockroaches
  14 goblins
  11 hobgoblins
  4 bats
  6 frilled lizards
  3 kobolds
  6 rats
62 creatures vanquished.

Notes
Turn   | Place    | Note
-------+----------+-------------------------------------------
     0 | D:1      | Mithandil the Draconian Conjurer began the quest for the
                  | Orb.
     0 | D:1      | Reached XP level 1. HP: 14/14 MP: 3/3
   372 | D:2      | Reached XP level 2. HP: 11/20 MP: 0/5
   376 | D:2      | Learned a level 2 spell: Searing Ray
  1469 | D:3      | Reached XP level 3. HP: 26/27 MP: 4/6
  1880 | D:2      | Noticed Robin
  1883 | D:2      | Killed Robin
  1883 | D:2      | Reached skill level 1 in Unarmed Combat
  1883 | D:2      | Reached XP level 4. HP: 30/34 MP: 3/7
  1885 | D:2      | Reached skill level 1 in Fighting
  2016 | D:2      | Noticed Terence
  2026 | D:2      | Killed Terence
  2515 | D:3      | Noticed Natasha
  2518 | D:3      | Reached XP level 5. HP: 40/40 MP: 2/9
  2529 | D:3      | Mangled by Natasha

Levels and vault maps discovered:
D:1:      kilobyte_arrival_exit_the_forest, layout_basic
D:2:      layout_rooms, minmay_splitting_lines, uniq_terence, uniq_robin
D:3:      layout_basic, uniq_natasha
D:4:      cheibrodos_thug_alley, layout_loops_ring

Skill      XL: |  1  2  3  4 |
---------------+-------------+-----
Stealth        | 2 |  2.4
Dodging        | 2 |  2.4
Unarmed Combat | 1 |  1.0
Fighting       | 1 |  1.2
Spellcasting   | |  2.9
Conjurations   | |  4.8

Action                   |  1- 3 |  4- 6 || total
-------------------------+-------+-------++-------
Melee: Unarmed           |    25 |       ||    25
       Tailslap          |     6 |     7 ||    13
       Hand axe          |    50 |    14 ||    64
       Club              |     1 |       ||     1
       Falchion          |       |    30 ||    30
 Cast: Magic Dart        |    58 |    14 ||    72
       Searing Ray       |     2 |     3 ||     5
 Stab: Sleeping          |     3 |     3 ||     6
  Eat: Chunk             |     4 |     2 ||     6
Armor: Skin              |    32 |    23 ||    55
Dodge: Dodged            |    47 |    43 ||    90
       Rpst.: Falchion   |       |    15 ||    15

Table legend:
 A = Non-vault XP
 B = Vault XP
 C = Vault XP percentage of total XP
 D = Non-vault monster count
 E = Vault monster count
 F = Vault count percentage of total count
                 A         B        C        D         E       F
            +---------+---------+-------+---------+---------+-------
      Total |     132 |      74 |  35.9 |      48 |      14 |  22.6
            +---------+---------+-------+---------+---------+-------
        D:1 |      36 |       0 |   0.0 |      19 |       0 |   0.0
        D:2 |      46 |      74 |  61.7 |      17 |      14 |  45.2
        D:3 |      32 |       0 |   0.0 |      11 |       0 |   0.0
        D:4 |      18 |       0 |   0.0 |       1 |       0 |   0.0
            +---------+---------+-------+---------+---------+-------
